 Dungeon Crawl Stone Soup version 0.18-a0-1303-g41c131c (webtiles) character file.

683 mrath the Cleaver (level 7, -9/57 HPs)
             Began as a Minotaur Fighter on Feb 13, 2016.
             Was an Initiate of Okawaru.
             Killed from afar by a centaur (27 damage)
             ... with a wand of acid
             ... on level 5 of the Dungeon.
             The game lasted 00:27:37 (4656 turns).

mrath the Cleaver (Minotaur Fighter)                Turns: 4656, Time: 00:27:37

Health: -9/57      AC:  8    Str: 22    XL:     7   Next: 35%
Magic:  15/15      EV:  8    Int:  5    God:    Okawaru [......]
Gold:   195        SH:  9    Dex: 10    Spells: 0 memorised, 6 levels left

rFire  . . .     SeeInvis .     a - +0 war axe
rCold  . . .     Gourm    .     q - +0 ring mail {rPois}
rNeg   + . .     Faith    .     c - +0 shield
rPois  +         Spirit   .     (helmet restricted)
rElec  .         Dismiss  .     (no cloak)
rCorr  .         Reflect  .     j - +0 pair of gloves
SustAt .         Harm     +     s - +0 pair of boots
MR     .....                    r - amulet of harm
Stlth  ..........               t - ring of magical power
                                i - ring of positive energy

@: not resistant to hostile enchantments, extremely unstealthy
A: retaliatory headbutt, horns 2
a: Renounce Religion


You were on level 5 of the Dungeon.
You worshipped Okawaru.
Okawaru was noncommittal.
You were not hungry.

You visited 2 branches of the dungeon, and saw 6 of its levels.
You also visited: Sewer.

You collected 195 gold pieces.

Inventory:

Hand Weapons
 a - a +0 war axe (weapon)
 z - a +0 hunting sling
 F - a +0 battleaxe
 Q - a +0 blowgun
Missiles
 o - 55 poisoned needles
 u - 5 needles of frenzy
 v - 142 stones (quivered)
 C - 18 sling bullets
 H - 6 silver sling bullets
 M - 4 curare-tipped needles
Armour
 b - a +0 scale mail
 c - a +0 shield (worn)
 j - a +0 pair of gloves (worn)
 q - a +0 ring mail of poison resistance (worn)
 s - a +0 pair of boots (worn)
 y - the +2 robe of Conscience {rElec rPois Dex-2 SInv, unknown}
   (You found it in a sewer)

   It affects your dexterity (-2).
   It insulates you from electricity.
   It protects you from poison.
   It lets you see invisible.
 O - a +2 ring mail of positive energy
Jewellery
 i - a ring of positive energy (left hand)
 r - an amulet of harm (around neck)
 t - a ring of magical power (right hand)
Scrolls
 e - 3 scrolls of identify
 k - 3 scrolls of remove curse
 x - a scroll of teleportation
 B - a scroll of holy word {unknown}
 D - a scroll of fear {unknown}
 K - a scroll of enchant armour {unknown}
 P - a scroll of recharging {unknown}
 R - a scroll of enchant weapon {unknown}
 S - a scroll of fog {unknown}
Potions
 d - a potion of resistance {unknown}
 g - 2 potions of lignification
 m - a potion of invisibility {unknown}
 n - 2 potions of mutation {unknown}
 p - 8 potions of curing
 w - a potion of agility {unknown}
 A - a potion of flight {unknown}
 E - 2 potions of cure mutation {unknown}
 N - 2 potions of haste {unknown}
Books
 I - a book of Envenomations

   Spells                             Type                      Level
   a - Spider Form                    Transmutation/Poison         3
   b - Olgreb's Toxic Radiance        Poison                       4
   c - Alistair's Intoxication        Transmutation/Poison         5
   d - Poisonous Cloud                Conjuration/Poison/Air       6
Comestibles
 f - 2 bread rations
 h - 5 fruits
 l - a slice of pizza
 G - 2 meat rations
 J - a royal jelly
 L - 9 chunks of flesh


   Skills:
 - Level 3.6 Fighting
 + Level 9.9 Axes
 - Level 3.6 Armour
 - Level 3.6 Shields


You had 6 spell levels left.
You didn't know any spells.

Dungeon Overview and Level Annotations

Branches:
Dungeon (5/15)             Temple (1/1) D:4

Altars:
Dithmenos
Fedhas
Gozag
Kikubaaqudgha
Makhleb
Nemelex Xobeh
Okawaru
Pakellas
Qazlal
Ru
Trog
Vehumet
Xom
Zin
The Shining One


Innate Abilities, Weirdness & Mutations

You reflexively headbutt those who attack you in melee.
You have a pair of horns on your head.


Message History

Items here: )))) [[[ ÷
Okay, then.
There is an iron altar of Okawaru here.
You kneel at the altar of Okawaru.
Okawaru welcomes you!
Items here: )))) [[[ ÷ Some of the chunks of flesh in your inventory have rotted away.
You found a teleport trap!
A centaur comes into view.
The centaur shouts!
The centaur picks up a brass wand.
Found 4 fruits.
The centaur zaps a wand.
The bolt of acid hits you!
The acid burns!
It is a wand of acid.
The centaur wields a runed shortbow.
It bursts into flame!
The centaur shoots an arrow.
You block the arrow.
You see here an arrow.
The centaur shoots an arrow.
The arrow hits you. The arrow burns you.
You see here an arrow.
The centaur zaps a wand.
The bolt of acid hits you!
You die...

##.......###.....#....
#................#....
#................#....
#....................
#.................#.
#.................#
#....#########(...#
#....# #.(..# #....#
#..@.# #....# #.%..#
#....# #...c# ######
#....# #....# #....#
#....# #....#


You could see a centaur.

Vanquished Creatures
  A crocodile (Sewer)
  The ghost of mrath the Digger, an amateur GrEE (D:3)
  A scorpion (D:4)
  A crimson imp (D:5)
  A giant frog zombie (D:5)
  A giant frog skeleton (D:5)
  A hound (D:4)
  A centaur skeleton (D:4)
  An iguana (D:4)
  An orc wizard (D:5)
  2 worker ants
  6 adders
  4 gnolls (D:4)
  A river rat (D:4)
  3 oozes
  2 adder skeletons
  2 worms
  4 giant geckos
  15 orcs
  2 ball pythons
  7 giant cockroaches
  12 goblins
  9 hobgoblins
  4 jackals
  3 quokkas
  5 bats
  2 giant gecko skeletons (D:4)
  3 giant newts (D:1)
  9 kobolds
  A quokka skeleton (D:4)
  12 rats
118 creatures vanquished.

Notes
Turn   | Place    | Note
--------------------------------------------------------------
     0 | D:1      | mrath the Minotaur Fighter began the quest for the Orb.
     0 | D:1      | Reached XP level 1. HP: 19/19 MP: 0/0
   231 | D:1      | Reached XP level 2. HP: 26/26 MP: 1/1
   535 | D:1      | Reached skill level 4 in Axes
   576 | D:1      | Reached XP level 3. HP: 31/31 MP: 2/2
  1535 | D:2      | Found a glowing golden altar of the Shining One.
  1554 | D:2      | Reached skill level 5 in Axes
  1599 | D:2      | Found a glowing silver altar of Zin.
  1599 | D:2      | Noticed an angel
  1631 | D:2      | Reached XP level 4. HP: 39/39 MP: 3/3
  2118 | D:3      | Reached skill level 6 in Axes
  2123 | D:3      | Found an ancient bone altar of Kikubaaqudgha.
  2186 | D:3      | Noticed mrath's ghost (amateur GrEE)
  2465 | D:3      | Found a bloodstained altar of Trog.
  2559 | D:3      | Killed mrath's ghost
  2559 | D:3      | Reached skill level 7 in Axes
  2559 | D:3      | Reached XP level 5. HP: 40/45 MP: 4/4
  2729 | D:4      | Found a staircase to the Ecumenical Temple.
  2739 | Temple   | Entered the Ecumenical Temple
  2892 | D:4      | Found a sparkling altar of Nemelex Xobeh.
  2911 | D:4      | Reached XP level 6. HP: 47/51 MP: 5/5
  2991 | D:4      | Found a glowing drain.
  2995 | Sewer    | Entered a sewer
  3060 | Sewer    | Reached skill level 8 in Axes
  3203 | Sewer    | Got a sheer robe
  3328 | D:4      | Found a stormy altar of Qazlal.
  3643 | D:4      | Reached skill level 9 in Axes
  4132 | D:4      | Reached XP level 7. HP: 41/57 MP: 6/6
  4253 | D:4      | Found a blossoming altar of Fedhas.
  4260 | D:4      | Found an oddly glowing altar of Pakellas.
  4332 | D:5      | Entered Level 5 of the Dungeon
  4582 | D:5      | Found an iron altar of Okawaru.
  4623 | D:5      | Became a worshipper of Warmaster Okawaru
  4656 | D:5      | Killed from afar by a centaur

Vault maps used:
D:1:      tarquinn_simple_flora_water_e
D:2:      lemuel_crystal_altar, zin_angel
D:3:      lightli_temple_of_fire, lemuel_crystal_altar, minmay_misc_feat_roman
D:4:      lemuel_doored_altar, nemelex_deck, amethyst_overflow_temple_binary,
          minmay_temple_entry_statues_fountains, first_bread,
          gup_sewer_entry_spiral
D:5:      kennysheep_okawaru_gauntlet
Temple:   hc_temple_tempest_star_small
Sewer:    sewer_the_crocodile

Action                   |  1- 3 |  4- 6 |  7- 9 || total
-------------------------+-------+-------+-------++-------
Melee: War axe           |    84 |   172 |    31 ||   287
Throw: Stone             |     3 |     7 |    18 ||    28
  Use: Potion            |       |     1 |       ||     1
       Scroll            |       |     7 |     1 ||     8
  Eat: Chunk             |     2 |     9 |     1 ||    12
